 Dungeon Crawl Stone Soup version 0.25-a0-426-g7d9e569eea (webtiles) character file.

Game seed: 14780841567053468855, levelgen mode: deterministic

5926 kae the Martial Artist (level 10, -4/83 HPs)
             Began as a Green Draconian Transmuter on Jan 24, 2020.
             Was a Follower of Uskayaw.
             Killed by divine providence
             ... invoked by an orc priest
              (13 damage)
             ... on level 9 of the Dungeon.
             The game lasted 00:14:16 (11294 turns).

kae the Martial Artist (DrTm)                      Turns: 11294, Time: 00:14:17

Health: -4/83      AC: 10    Str: 12    XL:     10   Next: 53%
Magic:  15/15      EV:  6    Int: 17    God:    Uskayaw [*.....]
Gold:   379        SH:  0    Dex: 15    Spells: 0/15 levels left

rFire    . . .     SeeInvis .   z - +2 falchion (flame)
rCold    . . .     Gourm    .   (no shield)
rNeg     . . .     Faith    .   (armour unavailable)
rPois    +         Spirit   .   A - +1 hat {Int+3}
rElec    .         Reflect  .   (no cloak)
rCorr    .         Harm     .   (no gloves)
MR       .....                  q - +1 pair of boots
Stlth    +.........             (no amulet)
HPRegen  0.23/turn              s - ring of wizardry
MPRegen  0.14/turn              (no ring)

@: held
A: breathe noxious fumes, unfitting armour, poison resistance, cold-blooded, AC
+7
a: Breathe Noxious Fumes, Stomp, Renounce Religion


You were on level 9 of the Dungeon.
You worshipped Uskayaw.
Uskayaw was noncommittal.
You were not hungry.

You visited 2 branches of the dungeon, and saw 10 of its levels.

You collected 379 gold pieces.

Inventory:

Hand Weapons
 h - a +1 short sword of draining
 r - a +2 spear of flaming
 z - a +2 falchion of flaming (weapon)
Missiles
 a - 119 arrows
Armour
 q - a +1 pair of boots (worn)
 A - a +1 hat of intelligence (worn)
Jewellery
 s - a ring of wizardry (left hand)
Wands
 g - a wand of iceblast (7)
 n - a wand of digging (4)
 p - a wand of paralysis (3)
 w - a wand of polymorph (10)
 x - a wand of flame (17)
Scrolls
 b - 3 scrolls of identify
 d - a scroll of immolation
 i - 2 scrolls of blinking
 u - a scroll of amnesia
Potions
 e - a potion of flight
 f - 2 potions of resistance
 j - a potion of degeneration
 l - a potion of might
 m - 3 potions of lignification
 o - 4 potions of curing
 t - a potion of magic
Comestibles
 c - 12 rations


   Skills:
 + Level 6.0 Fighting
 - Level 1.7 Dodging
 + Level 10.4 Unarmed Combat
 + Level 3.0 Spellcasting
 + Level 9.1 Transmutations
 + Level 6.8 Invocations


You couldn't memorise any spells.
You knew the following spells:

 Your Spells              Type           Power        Failure   Level  Hunger
a - Beastly Appendage     Tmut           ####..       1%          1    None
b - Sticks to Snakes      Tmut           ####....     1%          2    ##.....
c - Spider Form           Tmut/Pois      ###.......   3%          3    ###....
d - Blade Hands           Tmut           ####......   4%          5    ######.
e - Ice Form              Ice/Tmut       ###.....     11%         4    ####...

Your spell library contained the following spells:

 Spells                   Type           Power        Failure   Level  Hunger
 Freeze                   Ice            #...         7%          1    None
 Ozocubu's Armour         Chrm/Ice       #.......     21%         3    ###....
 Hailstorm                Conj/Ice       #.......     52%         4    ####...
 Summon Ice Beast         Ice/Summ       #.......     52%         4    ####...


Dungeon Overview and Level Annotations

Branches:
Dungeon (9/15)             Temple (1/1) D:7            Lair (0/6) D:8
    Orc (0/2) D:9

Altars:
Ashenzari
Cheibriados
Dithmenos
Elyvilon
Fedhas
Gozag
Hepliaklqana
Kikubaaqudgha
Makhleb
Nemelex Xobeh
Okawaru
Qazlal
Ru
Sif Muna
Trog
Uskayaw
Vehumet
Wu Jian
Xom
Yredelemnul
Zin
The Shining One

Shops:
D:4 [   D:6 %

Annotations:
D:2 1 runed translucent door
D:6 exclusion: centaur
D:8 exclusion: 2 doors
D:9 Harold, Prince Ribbit


Innate Abilities, Weirdness & Mutations

You can breathe blasts of noxious fumes.
Your lurid green scales are hard. (AC +7)
You cannot fit into any form of body armour.
Your system is resistant to poisons. (rPois)
You are cold-blooded and may be slowed by cold attacks.


Message History

The warg closely misses you. The ice beast completely misses you.
You struggle against the net.
The warg bites you!
The orc priest hits you but does no damage.
The orc warrior hits you with a +0 scimitar!
The warg bites you but does no damage.
The ice beast hits you but does no damage.
You struggle against the net.
The orc priest looks satisfied for a moment.
The warg closely misses you. The orc warrior barely misses you.
The ice beast hits you. The ice beast freezes you!
You struggle against the net.
The hound bites you.
* * * LOW HITPOINT WARNING * * *
The warg bites you!
* * * LOW HITPOINT WARNING * * *
The orc loudly shouts encouragement to no one in particular.
The orc priest barely misses you. The hound completely misses you.
The ice beast hits you but does no damage.
The orc priest invokes the aid of Beogh against you.
Beogh smites you!
You die...

.≈§≈§≈.... .##......Y##
###§≈≈≈≈.... ..........
#.§§≈≈≈..... ........##
##.......... ## #...8....#
####...........
#..#..h.....###..............
..........@###§..§...........
#.......(...§@§#Yo...........
.....<.<...h§§h@ho..o........
#.....<.....!##oo§§o..>......
#..........#..§#o§...........
#..........##.##.............
...........#.# #(............
..#...(....## #........... .
##@###.##. ##.#..≈.... .. #.
## #.##§§≈§≈


You could see Harold, a warg, 2 orc warriors, an ice beast, a hound, 2 orc
priests and an orc.

Vanquished Creatures
  Gastronok (D:8)
  A two-headed ogre (D:8)
  Pikel (D:7)
  2 dream sheep (D:8)
  2 yaks (D:8)
  A hungry ghost (D:8)
  A water moccasin (D:8)
  2 phantoms
  4 ice beasts
  A slave (D:7)
  3 ogres
  A wolf (D:8)
  A centaur (D:6)
  2 big kobolds (D:8)
  A scorpion (D:4)
  4 howler monkeys
  A centaur zombie (D:5)
  6 crimson imps
  A jelly (D:5)
  2 centaur skeletons
  3 hounds
  A gnoll shaman (D:3)
  5 orc priests
  An orc wizard (D:5)
  2 iguanas
  Ijyb (D:3)
  3 worker ants
  2 hound zombies
  A hound skeleton (D:8)
  11 gnolls
  A howler monkey skeleton (D:4)
  5 adders
  A white imp (D:8)
  2 adder zombies (D:7)
  2 oozes
  3 worms
  A dart slug (D:1)
  6 leopard geckos
  18 orcs
  2 ball pythons
  5 giant cockroaches
  8 goblins
  9 hobgoblins
  6 jackals
  4 quokkas
  6 bats
  7 frilled lizards
  A jackal skeleton (D:6)
  A jackal zombie (D:2)
  3 kobolds
  A leopard gecko skeleton (D:4)
  2 quokka skeletons
  12 rats
174 creatures vanquished.

Vanquished Creatures (others)
  A centaur (D:7)
  An orc (D:3)
  A bat (D:3)
3 creatures vanquished.

Grand Total: 177 creatures vanquished

Notes
Turn   | Place    | Note
-------+----------+-------------------------------------------
     0 | D:1      | kae the Draconian Transmuter began the quest for the Orb.
     0 | D:1      | Reached XP level 1. HP: 16/16 MP: 3/3
    97 | D:1      | Reached XP level 2. HP: 16/23 MP: 3/5
   197 | D:1      | Learned a level 2 spell: Sticks to Snakes
  1341 | D:2      | Reached XP level 3. HP: 17/28 MP: 1/6
  1611 | D:2      | Found a runed translucent door.
  1611 | D:2      | Noticed a human
  1618 | D:2      | Found a basalt altar of Yredelemnul.
  2035 | D:1      | Learned a level 3 spell: Spider Form
  2138 | D:3      | Reached XP level 4. HP: 30/35 MP: 6/8
  2294 | D:3      | Found a glowing golden altar of the Shining One.
  2300 | D:3      | Noticed Ijyb
  2989 | D:3      | Killed Ijyb
  3323 | D:3      | Noticed an ice beast
  3339 | D:3      | Killed an ice beast
  3339 | D:3      | Reached skill level 5 in Transmutations
  3339 | D:3      | Reached XP level 5. HP: 8/40 MP: 9/9
  3887 | D:3      | Reached XP level 6. HP: 47/47 MP: 8/10
  4414 | D:4      | Found Luibla's Armour Shoppe.
  4705 | D:4      | You fall into a shaft and drop 2 floors!
  4829 | D:5      | Entered Level 5 of the Dungeon
  5020 | D:4      | Your scales start taking on a lurid green colour.
  5020 | D:4      | Reached XP level 7. HP: 47/52 MP: 7/11
  5020 | D:4      | Gained mutation: Your system is resistant to poisons.
                  | (rPois) [Green Draconian growth]
  7460 | D:6      | Learned a level 5 spell: Blade Hands
  7534 | D:6      | Found Avifuif's Food Shop.
  7540 | D:6      | Reached XP level 8. HP: 52/59 MP: 8/12
  7860 | D:6      | Reached skill level 4 in Unarmed Combat
  7967 | D:6      | Found a blossoming altar of Fedhas.
  8419 | D:6      | Reached skill level 5 in Unarmed Combat
  8718 | D:7      | Found a staircase to the Ecumenical Temple.
  8730 | Temple   | Entered the Ecumenical Temple
  8805 | Temple   | Became a worshipper of Uskayaw the Reveler
  8836 | D:7      | Reached * piety under Uskayaw
  8848 | D:7      | Reached skill level 5 in Fighting
  8999 | D:7      | Noticed Pikel
  9016 | D:7      | Reached ** piety under Uskayaw
  9018 | D:7      | Reached *** piety under Uskayaw
  9019 | D:7      | Killed Pikel
  9019 | D:7      | Reached skill level 6 in Unarmed Combat
  9019 | D:7      | Reached XP level 9. HP: 59/75 MP: 10/13
  9101 | D:7      | Reached **** piety under Uskayaw
  9107 | D:7      | Reached ***** piety under Uskayaw
  9163 | D:7      | Reached skill level 7 in Unarmed Combat
  9638 | D:8      | Reached skill level 1 in Invocations
  9664 | D:8      | Found a staircase to the Lair.
  9679 | D:8      | Noticed a two-headed ogre
 10471 | D:8      | Reached skill level 8 in Unarmed Combat
 10505 | D:8      | Noticed a three-headed hydra
 10676 | D:8      | Noticed Gastronok
 10695 | D:8      | Killed Gastronok
 10695 | D:8      | Reached skill level 9 in Unarmed Combat
 10695 | D:8      | Reached XP level 10. HP: 46/83 MP: 6/15
 10857 | D:8      | Learned a level 4 spell: Ice Form
 11027 | D:9      | Noticed Harold
 11027 | D:9      | Noticed Prince Ribbit
 11159 | D:8      | Killed a two-headed ogre
 11159 | D:8      | Reached skill level 10 in Unarmed Combat
 11284 | D:9      | Found a staircase to the Orcish Mines.
 11294 | D:9      | Killed from afar by an orc priest

Levels and vault maps discovered:
D:1:      minmay_arrival_loop, layout_basic, minmay_domino_4
D:2:      layout_basic, dk_yredelemnul_ordeal
D:3:      layout_basic, tso_metal_star, uniq_ijyb
D:4:      layout_basic, serial_shops, shop, first_ration, st_stairs_6
D:5:      layout_layer_cave, minmay_small_thing
D:6:      layout_rooms, serial_shops, shop, minmay_misc_feat_x,
          fedhas_bush_and_centaur_altar
D:7:      layout_basic, minmay_temple_entry_tees, uniq_pikel
D:8:      layout_basic, lair_entry_dummy, hangedman_ranch
          [blue_anna_fruit_fields], hangedman_decor_opposing, uniq_gastronok
D:9:      layout_big_octagon, david_orc_3, serial_ice, serial_ice_j,
          serial_ice_m, serial_ice_h, serial_ice_g, serial_ice_e, serial_ice_n,
          serial_ice_o, uniq_harold, uniq_prince_ribbit1
Temple:   nicolae_temple_the_god_donut

Skill      XL: |  1  2  3  4  5  6  7  8  9 10 |
---------------+-------------------------------+-----
Transmutations | 3 5 7 9 |  9.1
Spellcasting   | 3 |  3.0
Fighting       | 6 |  6.0
Unarmed Combat | 6 9 10 | 10.4
Invocations    | 6 |  6.8
Dodging        | |  1.7

Action                   |  1- 3 |  4- 6 |  7- 9 | 10-12 || total
-------------------------+-------+-------+-------+-------++-------
Melee: Unarmed           |   123 |    56 |   266 |    11 ||   456
       Tailslap          |     9 |    17 |    12 |     2 ||    40
       Kick              |     9 |     6 |       |       ||    15
       Punch             |     3 |     3 |     3 |       ||     9
       Rapier            |     5 |   142 |     3 |       ||   150
       Headbutt          |     1 |     6 |       |       ||     7
       Spear             |       |       |   141 |       ||   141
       Falchion          |       |       |    11 |     2 ||    13
 Cast: Beastly Appendage |    15 |    14 |     7 |       ||    36
       Sticks to Snakes  |     2 |     2 |       |       ||     4
       Spider Form       |     2 |     7 |    29 |       ||    38
       Blade Hands       |       |       |     1 |     2 ||     3
Invok: Stomp             |       |       |     3 |       ||     3
 Abil: Breathe Noxious F |       |       |     1 |     1 ||     2
       End Transformatio |       |       |     1 |       ||     1
Evoke: Wand              |       |       |     8 |       ||     8
  Use: Scroll            |     6 |     6 |     7 |     2 ||    21
       Potion            |       |     3 |       |       ||     3
 Stab: Sleeping          |       |     1 |     4 |       ||     5
       Paralysed         |       |       |    17 |     1 ||    18
  Eat: Chunk             |     3 |     3 |    14 |     1 ||    21
       Ration            |       |     3 |     2 |     2 ||     7
Armor: Skin              |    36 |    66 |    51 |    15 ||   168
Dodge: Dodged            |    87 |   149 |   234 |    26 ||   496
       Rpst.: Falchion   |       |       |     1 |     5 ||     6

Table legend:
 A = Non-vault XP
 B = Vault XP
 C = Vault XP percentage of total XP
 D = Non-vault monster count
 E = Vault monster count
 F = Vault count percentage of total count
                 A         B        C        D         E       F
            +---------+---------+-------+---------+---------+-------
      Total |    4197 |    4269 |  50.4 |     154 |      19 |  11.0
            +---------+---------+-------+---------+---------+-------
        D:1 |      40 |       4 |   9.1 |      15 |       3 |  16.7
        D:2 |      27 |       1 |   3.6 |      15 |       1 |   6.2
        D:3 |     282 |      36 |  11.3 |      32 |       1 |   3.0
        D:4 |     492 |       3 |   0.6 |      21 |       2 |   8.7
        D:5 |     422 |      43 |   9.2 |      14 |       1 |   6.7
        D:6 |     768 |     115 |  13.0 |      25 |       1 |   3.8
        D:7 |     615 |     586 |  48.8 |      18 |       1 |   5.3
        D:8 |    1551 |    3481 |  69.2 |      14 |       9 |  39.1
            +---------+---------+-------+---------+---------+-------
